 Dungeon Crawl Stone Soup version 0.29-a0-824-gd827844252 (webtiles) character file.

Game seed: 5738300954168452262

2607 kevlar127 the Grappler (level 9, -1/93 HPs)
             Began as a Troll Berserker on July 9, 2022.
             Was an Elder of Trog.
             Slain by a gnoll bouda
             ... wielding a +0 whip
              (6 damage)
             ... on level 7 of the Dungeon.
             The game lasted 00:17:01 (5929 turns).

kevlar127 the Grappler (Troll Berserker)            Turns: 5929, Time: 00:17:02

Health: -1/93      AC:  5    Str: 35    XL:     9   Next: 33%
Magic:  8/8        EV: 10    Int:  3    God:    Trog [****..]
Gold:   266        SH:  0    Dex:  9    Spells: 8/8 levels left

rFire   . . .      SeeInvis +     - Unarmed
rCold   . . .      Faith    .   (no shield)
rNeg    . . .      Spirit   .   a - +0 animal skin
rPois   +          Reflect  .   (helmet restricted)
rElec   .          Harm     .   z - +0 cloak
rCorr   +          Rampage  .   (gloves unavailable)
Will    ++...                   (boots unavailable)
Stlth   ++........              H - amulet "Oluoloorgh" {RegenMP rPois Str+4 Stlth+}
HPRegen 2.05/turn               E - ring of resist corrosion
MPRegen 0.51/turn               u - ring of see invisible

@: lethally poisoned (-1 -> -3), strong-willed, on berserk cooldown,
regenerating, slowed, very slow
A: large, unfitting armour, claws 3, regeneration 1, shaggy fur 1, tough skin 1
a: Renounce Religion, Berserk, Trog's Hand, Brothers in Arms


You were on level 7 of the Dungeon.
You worshipped Trog.
Trog was greatly pleased with you.
You visited 1 branch of the dungeon, and saw 7 of its levels.

You collected 266 gold pieces.

Inventory:

Missiles
 c - 73 stones
 g - 14 poisoned darts (quivered)
 n - 4 datura-tipped darts
 G - 2 boomerangs
Armour
 a - a +0 animal skin (worn)
 z - a +0 cloak (worn)
Jewellery
 u - a ring of see invisible (right claw)
 A - an amulet of the acrobat
 E - a ring of resist corrosion (left claw)
 H - the amulet "Oluoloorgh" (around neck) {RegenMP rPois Str+4 Stlth+}
   (You found it on level 6 of the Dungeon)

   [amulet of magic regeneration]

   It increases your rate of magic regeneration.
   Str:       It affects your strength (+4).
   rPois:     It protects you from poison.
   Stlth:     It makes you more stealthy.
Wands
 v - a wand of roots (2)
 w - a wand of charming (8)
 D - a wand of mindburst (21)
Scrolls
 e - 5 scrolls of enchant weapon {unknown}
 h - 4 scrolls of poison {unknown}
 i - 6 scrolls of identify {unknown}
 j - 2 scrolls of magic mapping {unknown}
 k - a scroll of fog {unknown}
 l - 2 scrolls of enchant armour {unknown}
 p - a scroll of blinking {unknown}
 q - 3 scrolls of teleportation {unknown}
 t - 3 scrolls of vulnerability {unknown}
 x - a scroll of brand weapon {unknown}
 y - a scroll of noise {unknown}
 B - a scroll of immolation {unknown}
 F - a scroll of fear {unknown}
Potions
 b - 3 potions of might {unknown}
 d - 4 potions of mutation {unknown}
 f - a potion of curing {unknown}
 o - 2 potions of degeneration {unknown}
 r - a potion of lignification {unknown}
 s - a potion of cancellation {unknown}
 C - 3 potions of heal wounds {unknown}
 I - a potion of flight {unknown}
 J - a potion of brilliance {unknown}


   Skills:
 + Level 7.2 Fighting
 - Level 4.0 Throwing
 + Level 1.8 Armour
 - Level 3.0 Dodging
 + Level 8.6 Unarmed Combat
 + Level 0.2 Evocations


You had 8 spell levels left.
You didn't know any spells.
Your spell library was empty.

Dungeon Overview and Level Annotations

Branches:
Dungeon (7/15)             Temple (0/1) D:6

Altars:
Kikubaaqudgha
Vehumet

Shops:
D:2 (

Annotations:
D:5 3 runed translucent doors, zhov's ghost, novice FoHu


Innate Abilities, Weirdness & Mutations

You are too large for most types of armour.
You have claws for hands.
Your natural rate of healing is unusually fast.
You are covered in fur. (AC +1)
You have tough skin. (AC +1)


Message History

The gnoll closely misses you.
The gnoll shouts!
You mangle the gnoll!!
You kill the gnoll!
Trog accepts your kill.
You feel sick.
The hornet stings you but does no damage.
The gnoll throws a throwing net.
The throwing net hits you.
You become entangled in the net!
A gnoll comes into view. It is wielding a +0 vorpal flail.
You struggle against the net.
You feel sick.
The gnoll shouts!
The hornet barely misses you. The hornet stings you!
* * * LOW HITPOINT WARNING * * *
The gnoll bouda hits you with a +0 whip.
* * * LOW HITPOINT WARNING * * *
You struggle against the net.
You feel a strong urge to attack something.
You feel sick. The hornet stings you.
* * * LOW HITPOINT WARNING * * *
You feel as though you will be slow longer.
The gnoll bouda barely misses you.
You struggle against the net.
You are no longer berserk.
You are exhausted.
You feel as though you will be slow longer.
You feel sick.
You are no longer poisoned.
The hornet stings you.
* * * LOW HITPOINT WARNING * * *
You feel as though you will be slow longer.
The gnoll closely misses you.
The hornet stings you but does no damage.
The gnoll closely misses you.
You rip the net and break free!
The hornet stings you.
* * * LOW HITPOINT WARNING * * *
You are poisoned.
The gnoll hits you but does no damage.
The gnoll bouda hits you with a +0 whip.
You die...

###############
#.<...........#
######......#.#
#......#.# .
#......#.# ...
#....[.#.###.....
#......')@y..#
#......#.g†.>#
#......##gggg#
#...............
#...............#
#...............#
######...........
#...........


You could see a hornet, a gnoll bouda and 4 gnolls.

Vanquished Creatures
  Sigmund (D:4)
  A wyvern (D:6)
  Eustachio (D:4)
  A steam dragon (D:4)
  A black bear (D:6)
  A centaur (D:5)
  2 ogres
  A phantom (D:3)
  Blork the orc (D:6)
  A bullfrog (D:7)
  2 necrophages
  3 scorpions
  A howler monkey (D:4)
  A bullfrog zombie (D:4)
  A human zombie (D:4)
  3 jellies
  A gnoll bouda (D:5)
  5 orc priests
  6 hounds
  A scorpion zombie (D:4)
  4 iguanas
  Natasha (thrice) (D:4)
  3 orc wizards
  3 hound zombies (D:4)
  3 mummies (D:4)
  10 adders
  7 gnolls
  A shadow imp (D:6)
  An ufetubus (D:5)
  2 adder zombies (D:4)
  3 worms
  3 dart slugs
  12 orcs
  8 ball pythons
  13 endoplasms
  2 giant cockroaches
  6 goblins
  7 hobgoblins
  4 quokkas
  8 bats
  7 frilled lizards
  10 kobolds
  4 rats
159 creatures vanquished.

Vanquished Creatures (others)
  A plant (D:2)
1 creature vanquished.

Grand Total: 160 creatures vanquished

Notes
Turn   | Place    | Note
-------+----------+-------------------------------------------
     0 | D:1      | kevlar127 the Troll Berserker began the quest for the Orb.
     0 | D:1      | Reached XP level 1. HP: 22/22 MP: 0/0
   297 | D:1      | Reached XP level 2. HP: 29/29 MP: 1/1
   875 | D:2      | Reached XP level 3. HP: 33/36 MP: 2/2
   890 | D:2      | You fall into a shaft and drop 1 floor!
   927 | D:3      | Reached ** piety under Trog
  1098 | D:3      | Noticed a phantom
  1113 | D:3      | Killed a phantom
  1114 | D:3      | Reached skill level 4 in Unarmed Combat
  1114 | D:3      | Reached XP level 4. HP: 35/45 MP: 3/3
  1189 | D:2      | Reached XP level 5. HP: 53/53 MP: 4/4
  1335 | D:2      | Found a radiant altar of Vehumet.
  1678 | D:2      | Found Nilah's Antique Weapon Shop.
  1765 | D:3      | Found a faded altar of an unknown god.
  2028 | D:4      | Noticed Natasha
  2029 | D:4      | Noticed Eustachio
  2032 | D:4      | Killed Natasha
  2041 | D:4      | Killed Eustachio
  2041 | D:4      | Reached *** piety under Trog
  2042 | D:4      | Reached skill level 5 in Unarmed Combat
  2042 | D:4      | Reached XP level 6. HP: 42/63 MP: 5/5
  2104 | D:4      | Reached XP level 7. HP: 70/71 MP: 6/6
  2217 | D:4      | Noticed Natasha
  2224 | D:4      | Killed Natasha
  2251 | D:4      | Noticed Sigmund
  2252 | D:4      | Noticed a steam dragon
  2254 | D:4      | Found an ancient bone altar of Kikubaaqudgha.
  2263 | D:4      | Killed a steam dragon
  2264 | D:4      | Reached skill level 5 in Fighting
  2264 | D:4      | Reached skill level 1 in Throwing
  2264 | D:4      | Reached skill level 6 in Unarmed Combat
  2265 | D:4      | Killed Sigmund
  2818 | D:4      | Reached XP level 8. HP: 65/81 MP: 7/7
  2891 | D:4      | Noticed Natasha
  2897 | D:4      | Killed Natasha
  3371 | D:4      | Reached skill level 7 in Unarmed Combat
  3372 | D:4      | Found an ancient bone altar of Kikubaaqudgha.
  3427 | D:4      | Reached **** piety under Trog
  3568 | D:5      | Entered Level 5 of the Dungeon
  4039 | D:5      | Found a runed translucent gate.
  4050 | D:5      | Noticed zhov's ghost (novice FoHu)
  4051 | D:5      | Found a runed translucent gate.
  4051 | D:5      | Found a runed translucent gate.
  4230 | D:5      | Reached skill level 8 in Unarmed Combat
  4798 | D:6      | Reached XP level 9. HP: 78/92 MP: 8/8
  4898 | D:6      | Reached skill level 1 in Armour
  4945 | D:6      | Found a staircase to the Ecumenical Temple.
  4961 | D:6      | Noticed Blork the orc
  4976 | D:6      | Killed Blork the orc
  5692 | D:6      | Identified the amulet "Oluoloorgh" {RegenMP rPois Str+4
                  | Stlth+}
  5920 | D:7      | Paralysed by a hornet for 1 turns
  5929 | D:7      | Slain by a gnoll bouda

Illustrated notes

Levels and vault maps discovered:
D:1:      reono_arrival_mine, layout_loops_corners, minmay_misc_feat_square
D:2:      layout_basic, basic_altar, serial_shops, nicolae_square_shop,
          serial_bayou_pond_a, hangedman_decor_clover_reticule
D:3:      layout_rooms, nicolae_ecumenical_pavilion, minmay_misc_feat_plants
D:4:      layout_loops_ring, lemuel_mausoleum_altar_kikubaaqudgha,
          kennysheep_diamond, minmay_mini_jars, uniq_eustachio, uniq_natasha,
          uniq_sigmund
D:5:      layout_gridville, gammafunk_ghost_split,
          chequers_serial_rivers_small_b
D:6:      layout_basic, minmay_temple_entry_trees, uniq_blork_the_orc
D:7:      layout_basic, pdpol_temple_overflow_zin_treasury_gozag_greed

Skill      XL: |  1  2  3  4  5  6  7  8  9 |
---------------+----------------------------+-----
Fighting       | 3 4 5 6 7 |  7.2
Dodging        | 3 |  3.0
Unarmed Combat | 4 5 6 8 |  8.6
Throwing       | 2 4 |  4.0
Armour         | 1 |  1.8
Evocations     | |  0.2

Action                   |  1- 3 |  4- 6 |  7- 9 || total
-------------------------+-------+-------+-------++-------
Melee: Unarmed           |   107 |    67 |   272 ||   446
       Punch             |     1 |     1 |     8 ||    10
Throw: Dart              |       |       |     6 ||     6
Invok: Trog's Hand       |       |       |     2 ||     2
       Berserk           |       |       |     2 ||     2
 Stab: Sleeping          |       |     1 |     3 ||     4
Armor: Animal skin       |    35 |    14 |    63 ||   112
Dodge: Dodged            |    74 |    27 |   133 ||   234

Table legend: (Time is in decaauts)
 A = Elapsed time spent in this place.
 B = Non-inter-level travel time spent in this place.
 C = Inter-level travel time spent in this place.
 D = Time resting spent in this place.
 E = Time spent auto-exploring this place.
 F = Levels seen in this place.
 G = Mean time per level.
                   A        B        C        D        E       F      G
               +--------+--------+--------+--------+--------+-----+--------+
         Total |   5896 |   5678 |    218 |   1129 |   3610 |   7 |  842.3 |
       Dungeon |   5896 |   5678 |    218 |   1129 |   3610 |   7 |  842.3 |
               +--------+--------+--------+--------+--------+-----+--------+

Top non-repeatable levels by time:
     D:4: 1527 daAuts
     D:5: 1216 daAuts
     D:6: 1105 daAuts
     D:1: 811 daAuts
     D:2: 658 daAuts
     D:3: 546 daAuts
     D:7: 31 daAuts
